 Dungeon Crawl Stone Soup version 0.21.1-1-g345015f (webtiles) character file.

168 Lilu the Conjurer (level 5, -1/28 HPs)
             Began as a Deep Elf Conjurer on July 25, 2018.
             Killed from afar by an orc wizard (4 damage)
             ... with a puff of flame
             ... on level 3 of the Dungeon.
             The game lasted 00:11:59 (2907 turns).

Lilu the Conjurer (Deep Elf Conjurer)               Turns: 2907, Time: 00:12:00

Health: -1/28      AC:  3    Str:  6    XL:     5   Next: 23%
Magic:  11/11      EV: 13    Int: 20    God:
Gold:   110        SH:  0    Dex: 15    Spells: 3/10 levels left

rFire    x . .     SeeInvis .   m - +1 whip (holy)
rCold    + . .     Gourm    .   (no shield)
rNeg     . . .     Faith    .   a - +0 robe
rPois    .         Spirit   .   q - +0 helmet (curse)
rElec    .         Reflect  .   v - scarf {cloud immunity}
rCorr    .         Harm     .   (no gloves)
MR       .....                  (no boots)
Stlth    ++........             (no amulet)
HPRegen  0.09/turn              i - ring of ice
MPRegen  0.12/turn              (no ring)

@: no status effects
A: no striking features
a: no special abilities


You were on level 3 of the Dungeon.
You were not hungry.

You visited 1 branch of the dungeon, and saw 4 of its levels.

You collected 110 gold pieces.

Inventory:

Hand Weapons
 m - a +1 whip of holy wrath (weapon)
 u - a +0 flail of crushing
Missiles
 x - 18 stones (quivered)
Armour
 a - a +0 robe (worn)
 q - a cursed +0 helmet (worn)
 v - a scarf of cloud immunity (worn)
Jewellery
 i - a ring of ice (left hand)
Wands
 p - a wand of random effects (27)
Scrolls
 e - a scroll of immolation {unknown}
 f - 5 scrolls of identify
 g - a scroll of noise {unknown}
 j - 2 scrolls of enchant weapon {unknown}
 k - 2 scrolls of enchant armour {unknown}
 l - 2 scrolls of teleportation {unknown}
 n - 3 scrolls of remove curse
 r - a scroll of blinking {unknown}
 w - a scroll of fog {unknown}
Potions
 d - a potion of experience {unknown}
 h - 3 potions of curing
 o - a potion of brilliance {unknown}
 s - a potion of resistance {unknown}
 z - a potion of haste {unknown}
Books
 b - a book of Conjurations

   Spells                             Type                      Level
   a - Magic Dart                     Conjuration                  1
   b - Searing Ray                    Conjuration                  2
   c - Dazzling Spray                 Conjuration/Hexes            3
   d - Fulminant Prism                Conjuration/Hexes            4
   e - Force Lance                    Conjuration/Translocation    4
   f - Iskenderun's Mystic Blast      Conjuration                  4
Comestibles
 c - 10 rations


   Skills:
 + Level 0.9 Fighting
 - Level 2.4 Dodging
 - Level 2.4 Stealth
 - Level 3.0 Spellcasting
 - Level 7.0 Conjurations


You had 3 spell levels left.
You knew the following spells:

 Your Spells              Type           Power        Failure   Level  Hunger
a - Magic Dart            Conj           ####         1%          1    None
b - Searing Ray           Conj           ####..       1%          2    ##.....
c - Iskenderun's Mystic   Conj           ####....     8%          4    ####...


Dungeon Overview and Level Annotations

Branches:
Dungeon (4/15)
 Temple: D:4-7

Altars:
Ashenzari
Cheibriados
Elyvilon
Nemelex Xobeh
Sif Muna
Zin

Annotations:
D:2 Sigmund


Message History

The orc is moderately wounded.
The orc throws a tomahawk.
The tomahawk hits you.
The orc throws a tomahawk.
The tomahawk barely misses you.
You see here a tomahawk.
The orc throws a tomahawk.
The tomahawk barely misses you.
You see here a tomahawk.
You see here 14 sling bullets.
The orc wizard gestures at you while chanting.
The puff of flame hits you! The fire burns you terribly!
The orc wizard mumbles some strange words.
The orc wizard seems to speed up.
You hear a shout!
The orc wizard points at you and mumbles some strange words.
The puff of frost hits you! You resist.
The orc wizard gestures at you while chanting.
The magic dart hits you!
* * * LOW HITPOINT WARNING * * *
The orc wizard gestures at you while chanting.
The puff of flame hits you! The fire burns you terribly!
You die...

##........####..#
####...##.####..#
)..[#.###.##....# ###.#.#
#.##)##.# ###.#.###)##.##.####
......(((....o.....# #####
###(.........#####.# #....
..#.....####.#####o# ###.###
..#.....# #.##.@..# #...#≈≈
..#.....# #.##.##.########.###≈.
..#..o..# #.....................
###)....# ####.###########.#...♣
..)[...## ###.#### #.##...
####...######......### #...#≈.
#).......#.#.##...##########≈≈
####...####.#.#.#..##<#.....#####
...................###......##...


You could see an orc wizard.

Vanquished Creatures
  A worker ant (D:2)
  Robin (D:1)
  5 adders
  An ooze (D:2)
  A worm (D:3)
  A leopard gecko (D:3)
  2 orcs (D:3)
  2 ball pythons
  A giant cockroach (D:1)
  17 goblins
  7 hobgoblins
  4 jackals (D:2)
  5 kobolds
  4 quokkas
  9 bats
  3 frilled lizards
  8 rats
72 creatures vanquished.

Notes
Turn   | Place    | Note
-------+----------+-------------------------------------------
     0 | D:1      | Lilu the Deep Elf Conjurer began the quest for the Orb.
     0 | D:1      | Reached XP level 1. HP: 10/10 MP: 6/6
   179 | D:1      | Found a snail-covered altar of Cheibriados.
   329 | D:1      | Reached XP level 2. HP: 15/15 MP: 2/8
   411 | D:1      | Reached skill level 5 in Conjurations
   760 | D:2      | Learned a level 2 spell: Searing Ray
   798 | D:2      | Reached XP level 3. HP: 18/19 MP: 5/9
   829 | D:2      | Noticed Sigmund
   966 | D:2      | Found a shattered altar of Ashenzari.
   966 | D:2      | Found a glowing silver altar of Zin.
   986 | D:2      | Reached skill level 6 in Conjurations
   986 | D:2      | Reached XP level 4. HP: 8/24 MP: 1/10
  1360 | D:2      | Learned a level 4 spell: Iskenderun's Mystic Blast
  1599 | D:2      | Noticed Robin
  1691 | D:1      | Killed Robin
  2233 | D:3      | Reached skill level 7 in Conjurations
  2233 | D:3      | Reached XP level 5. HP: 28/28 MP: 7/11
  2350 | D:3      | Found a white marble altar of Elyvilon.
  2471 | D:3      | Found a sparkling altar of Nemelex Xobeh.
  2589 | D:3      | Found a deep blue altar of Sif Muna.
  2834 | D:4      | Noticed an ogre
  2907 | D:3      | Killed from afar by an orc wizard

Skill      XL: |  1  2  3  4 |
---------------+-------------+-----
Conjurations   | 5 6 7 |  7.0
Fighting       | |  0.9
Dodging        | |  2.4
Stealth        | |  2.4
Spellcasting   | |  3.0

Action                   |  1- 3 |  4- 6 || total
-------------------------+-------+-------++-------
 Cast: Magic Dart        |    50 |    83 ||   133
       Searing Ray       |     2 |     4 ||     6
  Use: Scroll            |     2 |       ||     2
       Potion            |       |     1 ||     1
  Eat: Chunk             |       |     6 ||     6
Armor: Robe              |     3 |     2 ||     5
Dodge: Dodged            |    11 |    16 ||    27
